 Dungeon Crawl Stone Soup version 0.17-a0-2231-gd80ca38 (console) character file.

62 Kellhus the Sneak (level 3, -4/24 HPs)
             Began as a Vampire Wizard on Oct 29, 2015.
             Slain by an adder (5 damage)
             ... on level 3 of the Dungeon.
             The game lasted 00:03:28 (2656 turns).

Kellhus the Sneak (Vampire Wizard)                  Turns: 2656, Time: 00:03:28

Health: -4/24      AC:  3    Str:  6    XL:     3   Next: 85%
Magic:  0/7        EV: 12    Int: 21    God:
Gold:   132        SH:  0    Dex: 12    Spells: 1 memorised, 7 levels left

rFire  . . .     SeeInvis +     (no weapon)
rCold  . . .     Clarity  .     a - +0 robe
rNeg   . . .     SustAt   .     (no shield)
rPois  .         Gourm    .     b - +0 hat
rElec  .         Spirit   .     o - +0 cloak
rCorr  .         Warding  .     (no gloves)
rMut   .         Stasis   .     (no boots)
MR     .....                    (no amulet)
Stlth  ++........               (no ring)
                                (no ring)

@: lethally poisoned (-4 -> -6), very slightly contaminated, regenerating
quickly, not resistant to hostile enchantments, unstealthy
A: fangs 3, see invisible, unbreathing
a: no special abilities


You were on level 3 of the Dungeon.
You were full.

You visited 1 branch of the dungeon, and saw 3 of its levels.

You collected 132 gold pieces.

Inventory:

Missiles
 k - a throwing net (quivered)
Armour
 a - a +0 robe (worn)
 b - a +0 hat (worn)
 o - a +0 cloak (worn)
Wands
 m - a wand of slowing (33)
Scrolls
 e - 2 scrolls of immolation {unknown}
 f - a scroll of magic mapping {unknown}
 g - 3 scrolls of remove curse {unknown}
 h - 2 scrolls of identify {unknown}
 l - a scroll of random uselessness {unknown}
 n - a scroll of enchant armour {unknown}
Potions
 i - a potion of degeneration {unknown}
 j - a potion of blood
Books
 c - a book of Minor Magic

   Spells                             Type                      Level
   a - Magic Dart                     Conjuration                  1
   b - Blink                          Translocation                2
   c - Call Imp                       Summoning                    2
   d - Repel Missiles                 Charms/Air                   2
   e - Slow                           Hexes                        2
   f - Conjure Flame                  Conjuration/Fire             3
   g - Mephitic Cloud                 Conjuration/Poison/Air       3


   Skills:
 - Level 2.1 Dodging
 - Level 3.0 Stealth
 - Level 3.0 Spellcasting
 + Level 2.8 Conjurations
   Level 1.0 Summonings
   Level 0.7 Translocations


You had 7 spell levels left.
You knew the following spells:

 Your Spells              Type           Power        Failure   Level  Hunger
a - Magic Dart            Conj           ###.         4%          1    None


Dungeon Overview and Level Annotations

Branches:
Dungeon (3/15)

Altars:

Annotations:
D:2 Sigmund


Innate Abilities, Weirdness & Mutations

Your natural rate of healing is unusually fast.
You have razor-sharp teeth.
You have supernaturally acute eyesight.
You can survive without breathing.


Message History

The adder is severely wounded.
The adder bites you but does no damage. The adder barely misses you.
* * * LOW HITPOINT WARNING * * *
You feel sick.
* * * LOW HITPOINT WARNING * * *
You feel sick.
Casting: Magic Dart
Confirm with . or Enter, or press ? or * to list all spells.
Aiming: Magic Dart
Press: ? - help, Shift-Dir - straight line, f/p - adder
Aim: an adder (severely wounded)
The magic dart hits the adder.
The adder is almost dead.
The adder bites you but does no damage. The adder bites you.
* * * LOW HITPOINT WARNING * * *
Drink which item? (? for menu, Esc to quit)
Yummy - fresh blood!
* * * LOW HITPOINT WARNING * * *
You feel sick. The adder bites you.
You die...

#... #).#
..# ...
#.# #
#.##>####
#<.....<#
#S#####.#
#@# #.#
#$# #†#
#.. ###


You could see an adder.

Vanquished Creatures
  2 adders (D:2)
  2 oozes (D:1)
  A worm (D:2)
  3 giant cockroaches (D:1)
  3 goblins (D:1)
  2 hobgoblins
  8 kobolds
  2 ball pythons
  A bat (D:1)
  A giant gecko (D:1)
  9 giant newts
  3 rats
37 creatures vanquished.

Notes
Turn   | Place    | Note
--------------------------------------------------------------
     0 | D:1      | Kellhus the Vampire Wizard began the quest for the Orb.
     0 | D:1      | Reached XP level 1. HP: 13/13 MP: 4/4
    29 | D:1      | Reached skill level 1 in Conjurations
   109 | D:1      | Reached XP level 2. HP: 11/19 MP: 0/6
   885 | D:1      | Reached XP level 3. HP: 24/24 MP: 1/7
  1722 | D:2      | Noticed Sigmund
  2656 | D:3      | HP: 1/24 [poisoned by an adder]
  2656 | D:3      | Slain by an adder

Vault maps used:
D:1:      erik_arrival_gehennom, minmay_newt_pond
D:2:      bh_walls_and_bars, uniq_sigmund
D:3:      roderic_batcave, uniq_jessica, uniq_iyjb

Action                   || total
-------------------------++-------
Melee: Unarmed           ||    58
 Cast: Magic Dart        ||   108
  Use: Potion            ||    13
